 Dungeon Crawl Stone Soup version 0.28.0-43-g3370ac3207 (webtiles) character file.

Game seed: 9546790544879842545

153 experimilk the Cudgeller (level 5, -4/43 HPs)
             Began as a Palentonga Fighter on Mar 18, 2022.
             Slain by an orc
             ... wielding a +0 falchion
              (6 damage)
             ... on level 3 of the Dungeon.
             The game lasted 00:05:06 (2404 turns).

experimilk the Cudgeller (Palentonga Fighter)       Turns: 2404, Time: 00:05:06

Health: -4/43      AC:  9    Str: 21    XL:     5   Next: 12%
Magic:  5/5        EV:  7    Int:  8    God:
Gold:   64         SH:  5    Dex: 10    Spells: 4/4 levels left

rFire   . . .      SeeInvis +   o - +4 falchion (holy)
rCold   . . .      Faith    .   c - +1 buckler
rNeg    . . .      Spirit   .   b - +0 scale mail
rPois   .          Reflect  .   (no helmet)
rElec   .          Harm     .   (no cloak)
rCorr   .          Rampage  .   k - +1 pair of gloves
Will    .....                   (no barding)
Stlth   ..........              (no amulet)
HPRegen 0.14/turn               (no ring)
MPRegen 0.09/turn               (no ring)

@: mighty, unable to read
A: large, rugged brown scales 3, see invisible, deformed body, roll 1, armoured
tail, shaggy fur 1, wild magic 1, inability to read while threatened
a: Rolling Charge


You were on level 3 of the Dungeon.
You visited 1 branch of the dungeon, and saw 3 of its levels.

You collected 64 gold pieces.

Inventory:

Hand Weapons
 a - a +0 flail
 o - a +4 falchion of holy wrath (weapon)
Missiles
 n - 2 poisoned darts (quivered)
Armour
 b - a +0 scale mail (worn)
 c - a +1 buckler (worn)
 k - a +1 pair of gloves (worn)
Scrolls
 f - 2 scrolls of teleportation
 h - a scroll of summoning {unknown}
 j - a scroll of fog {unknown}
 m - a scroll of identify {unknown}
 p - a scroll of immolation {unknown}
Potions
 g - a potion of heal wounds {unknown}
 i - a potion of invisibility {unknown}
 l - a potion of curing {unknown}
 q - a potion of resistance {unknown}
 r - a potion of haste {unknown}


   Skills:
 - Level 3.0 Fighting
 * Level 2.6 Long Blades
 - Level 4.4 Maces & Flails
 - Level 2.4 Armour
 - Level 2.4 Shields


You had 4 spell levels left.
You didn't know any spells.
Your spell library was empty.

Dungeon Overview and Level Annotations

Branches:
Dungeon (3/15)

Altars:

Shops:
D:3 (


Innate Abilities, Weirdness & Mutations

You are completely covered in rugged brown scales. (AC +3, +7% HP)
You have supernaturally acute eyesight. (SInv)
Armour fits poorly on your strangely shaped body.
You can roll at nearby foes to attack.
You have a long armoured tail.
You are covered in fur. (AC +1)
Your spells are a little harder to cast, but a little more powerful.
You sometimes lose the ability to read scrolls when taking damage.


Message History

The orc wizard is heavily wounded.
The orc wizard gestures at you while chanting.
You resist with some effort.
You closely miss the orc wizard.
The orc wizard is heavily wounded.
The orc wizard casts a spell at you. The puff of flame hits you.
The orc hits you with a +0 falchion.
You feel very mighty all of a sudden.
The orc wizard hits you but does no damage.
The orc barely misses you. The orc closely misses you.
You completely miss the orc wizard.
The orc wizard is heavily wounded.
You block the orc wizard's attack. The orc hits you but does no damage.
The orc hits you with a +0 short sword.
You slash the orc wizard!
The orc wizard is almost dead.
The orc wizard casts a spell at you. The magic dart hits you!
* * * LOW HITPOINT WARNING * * *
The orc hits you but does no damage. The orc barely misses you.
The orc wizard hits you but does no damage.
You slash the orc wizard!
You kill the orc wizard!
The orc barely misses you. You block the orc's attack.
The orc hits you but does no damage.
You have reached level 5!
You closely miss the orc. The orc barely misses you.
The orc hits you with a +0 falchion.
* * * LOW HITPOINT WARNING * * *
You closely miss the orc. The orc closely misses you.
The orc hits you with a +0 falchion.
* * * LOW HITPOINT WARNING * * *
The orc hits you but does no damage.
It was a potion of mutation.
You feel extremely strange. Fur sprouts all over your body.
You lose the ability to read scrolls when threatened.
You feel less in control of your magic. The orc hits you with a +0 falchion.
You feel threatened and lose the ability to read scrolls!
You die...

#.........# #.8<∩.
#.#...#...#####.#..#
#.#...+...+...#.#.8#
#.#...#...###.#.#..#
######.#...'....##.#.#.#.
.........###.......#.#.#.
####..#..)#...........#.#
...#..###o#..#+#.######.#
.......o@..>#.#.######.#
.#.....)...#.#........##
#.......##..)).........
##.........############
#.##....#.#......†..<.
#.##)...#.#.#######...
..........# .......
.#.######### ####...
#.#.# #...


You could see 2 orcs.

Vanquished Creatures
  2 orc wizards (D:3)
  Robin (D:2)
  An adder (D:2)
  2 worms (D:2)
  An orc (D:3)
  6 ball pythons
  4 bats
  3 endoplasms
  6 giant cockroaches
  10 goblins
  9 hobgoblins
  6 jackals
  3 quokkas
  5 frilled lizards
  7 kobolds
  5 rats
71 creatures vanquished.

Notes
Turn   | Place    | Note
-------+----------+-------------------------------------------
     0 | D:1      | experimilk the Palentonga Fighter began the quest for the
                  | Orb.
     0 | D:1      | Reached XP level 1. HP: 19/19 MP: 1/1
   167 | D:1      | Reached XP level 2. HP: 9/25 MP: 2/2
   382 | D:1      | Reached skill level 3 in Maces & Flails
   516 | D:1      | Found a faded altar of an unknown god.
   516 | D:1      | Noticed a soul eater
   849 | D:1      | Reached XP level 3. HP: 26/31 MP: 3/3
  1332 | D:2      | Reached skill level 4 in Maces & Flails
  1444 | D:2      | Noticed Robin
  1571 | D:2      | Killed Robin
  1572 | D:2      | Reached XP level 4. HP: 24/37 MP: 4/4
  1795 | D:2      | Reached skill level 1 in Long Blades
  2358 | D:3      | Found Noptin's Weapon Emporium.
  2402 | D:3      | Reached XP level 5. HP: 8/43 MP: 5/5
  2403 | D:3      | HP: 1/43 [orc/+0 falchion (4)]
  2404 | D:3      | Gained mutation: You are covered in fur. (AC +1) [potion of
                  | mutation]
  2404 | D:3      | Gained mutation: You sometimes lose the ability to read
                  | scrolls when taking damage. [potion of mutation]
  2404 | D:3      | Gained mutation: Your spells are a little harder to cast,
                  | but a little more powerful. [potion of mutation]
  2404 | D:3      | Slain by an orc

Illustrated notes

Levels and vault maps discovered:
D:1:      minmay_arrival_doors, layout_rooms,
          dreamdust_ecumenical_altar_sealed_demon, minmay_worlds_worst_comb
D:2:      kennysheep_big_flooded_room, layout_loops_ring, serial_park_tiny_2,
          hangedman_glass_teeth, uniq_robin
D:3:      layout_basic, serial_shops, shop, nicolae_shop_stone,
          nicolae_shop_statue_plus, nicolae_shop_statue_plus

Skill      XL: |  1  2  3  4 |
---------------+-------------+-----
Maces & Flails | 3 4 |  4.4
Long Blades    | 2 |  2.6
Fighting       | |  3.0
Armour         | |  2.4
Shields        | |  2.4

Action                   |  1- 3 |  4- 6 || total
-------------------------+-------+-------++-------
Melee: Flail             |   139 |     6 ||   145
       Tailslap          |     9 |     6 ||    15
       Falchion          |       |    34 ||    34
 Abil: Rolling Charge    |     5 |     5 ||    10
  Use: Scroll            |     1 |     2 ||     3
       Potion            |       |     2 ||     2
Armor: Scale mail        |    66 |    27 ||    93
Dodge: Dodged            |    52 |    17 ||    69
Block: Buckler           |    46 |     7 ||    53
